 Dungeon Crawl Stone Soup version 0.30-a0-4-ga7cffc901d (webtiles) character file.

Game seed: 15590454140615794633

108 xian the Firebug (level 4, -2/35 HPs)
             Began as a Draconian Fire Elementalist on Aug 21, 2022.
             Slain by a gnoll
             ... wielding a +0 halberd
              (8 damage)
             ... on level 2 of the Dungeon.
             The game lasted 00:05:52 (2110 turns).

xian the Firebug (Draconian Fire Elementalist)      Turns: 2110, Time: 00:05:53

Health: -2/35      AC:  5    Str: 10    XL:     4   Next: 58%
Magic:  5/7        EV: 12    Int: 18    God:
Gold:   56         SH:  0    Dex: 11    Spells: 4/7 levels left

rFire   . . .      SeeInvis .    h - +2 short sword (venom)
rCold   . . .      Faith    .    (no shield)
rNeg    . . .      Spirit   .    (body armour unavailable)
rPois   .          Reflect  .    (helmet restricted)
rElec   .          Harm     .    (no cloak)
rCorr   .          Rampage  .    (no gloves)
Will    .....                    (no boots)
Stlth   ++........               (no amulet)
HPRegen 0.11/turn                (no ring)
MPRegen 0.10/turn                (no ring)

@: no status effects
A: AC +5, unfitting armour, cold-blooded
a: no special abilities


You were on level 2 of the Dungeon.
You visited 1 branch of the dungeon, and saw 2 of its levels.

You collected 56 gold pieces.

Inventory:

Hand Weapons
 h - a +2 short sword of venom (weapon)
Missiles
 i - 6 poisoned darts
Scrolls
 c - a scroll of magic mapping {unknown}
 d - 2 scrolls of enchant weapon {unknown}
 e - a scroll of poison {unknown}
 f - 2 scrolls of amnesia {unknown}
 g - a scroll of identify {unknown}
 m - a scroll of fog {unknown}
Potions
 a - a potion of magic
 b - 2 potions of attraction {unknown}
 j - a potion of heal wounds {unknown}
 k - 2 potions of mutation {unknown}
 l - a potion of curing {unknown}
 n - a potion of resistance {unknown}


   Skills:
 + Level 1.1 Fighting
 + Level 0.8 Short Blades
 + Level 2.7 Dodging
 + Level 2.8 Stealth
 + Level 2.4 Spellcasting
 + Level 1.1 Conjurations
 + Level 3.5 Fire Magic


You had 4 spell levels left.
You knew the following spells:

 Your Spells              Type           Power      Damage    Failure   Level
a - Foxfire               Conj/Fire      40%        2x1d6     7%          1
b - Scorch                Fire           28%        2d6       6%          2

Your spell library contained the following spells:

 Spells                   Type           Power      Damage    Failure   Level
 Conjure Flame            Conj/Fire      10%        6-21      21%         3
 Inner Flame              Hex/Fire       8%         N/A       26%         3
 Ozocubu's Armour         Ice            2%         N/A       45%         3
 Flame Wave               Conj/Fire      10%        2d6       56%         4
 Metabolic Englaciation   Hex/Ice        1%         N/A       99%         5
 Simulacrum               Ice/Necr       1%         N/A       100%        6


Dungeon Overview and Level Annotations

Branches:
Dungeon (2/15)

Altars:


Innate Abilities, Weirdness & Mutations

Your plain brown scales are hard. (AC +5)
You cannot fit into any form of body armour.
You are cold-blooded and may be slowed by cold attacks.


Message History

The gnoll throws a throwing net.
The throwing net closely misses you.
The gnoll shouts!
You see here a throwing net.
The gnoll shouts!
You hear a shout! x2
Casting: Foxfire (safe; 7% risk of failure)
Confirm with . or Enter, or press ? or * to list all spells.
You can't see any susceptible monsters within range! (Use Z to cast anyway.)
Casting: Foxfire (safe; 7% risk of failure)
Confirm with . or Enter, or press ? or * to list all spells.
Flames lash the gnoll.
The gnoll is severely wounded.
The gnoll's fire resistance burns away.
Casting: Scorch (safe; 6% risk of failure)
Confirm with . or Enter, or press ? or * to list all spells.
You conjure some foxfire!
The gnoll closely misses you.
Your foxfire dissipates!
The foxfire hits the gnoll!
The gnoll is burned terribly!
You kill the gnoll!
Casting: Foxfire (safe; 7% risk of failure)
Confirm with . or Enter, or press ? or * to list all spells.
You can't see any susceptible monsters within range! (Use Z to cast anyway.)
The gnoll hits you from afar with a +0 spear.
The gnoll barely misses you. x2
You closely miss the gnoll. The gnoll completely misses you.
The gnoll closely misses you.
You closely miss the gnoll. The gnoll hits you with a +0 spear.
The gnoll barely misses you.
You barely miss the gnoll. The gnoll hits you with a +0 spear.
The gnoll hits you from afar with a +0 halberd!
* * * LOW HITPOINT WARNING * * *
You hit the gnoll.
The gnoll is lightly wounded.
The gnoll hits you with a +0 spear.
* * * LOW HITPOINT WARNING * * *
The gnoll closely misses you.
You completely miss the gnoll.
The gnoll is lightly wounded.
The gnoll hits you but does no damage.
The gnoll hits you from afar with a +0 halberd!
You die...

..##........###.......##
.............##......##
.............#...#####
##.............#.#
###...........##g# #
#..........###g#
###..........# #g#
.............# #g#
#.#..........# #@#
..............##.#
#.....#.#####..#.##
.........# #....#
..#.#.#..# ###..#
.##......## #..#
.#....#<.)# ##.#
...#..###.# ## ..##..#
#.##


You could see 4 gnolls.

Vanquished Creatures
  3 adders (D:2)
  A gnoll (D:2)
  3 worms (D:2)
  2 dart slugs (D:2)
  5 ball pythons
  3 endoplasms
  2 goblins (D:1)
  6 hobgoblins
  9 jackals (D:2)
  7 kobolds
  2 quokkas (D:1)
  5 bats
  5 frilled lizards
  4 rats
57 creatures vanquished.

Vanquished Creatures (others)
  66 foxfires
66 creatures vanquished.

Grand Total: 123 creatures vanquished

Notes
Turn   | Place    | Note
-------+----------+-------------------------------------------
     0 | D:1      | xian the Draconian Fire Elementalist began the quest for
                  | the Orb.
     0 | D:1      | Reached XP level 1. HP: 14/14 MP: 3/3
   387 | D:1      | Reached XP level 2. HP: 9/20 MP: 1/5
   597 | D:1      | Learned a level 2 spell: Scorch
  1467 | D:2      | Reached XP level 3. HP: 16/27 MP: 6/6
  1706 | D:2      | Reached skill level 1 in Fighting
  1837 | D:2      | Reached XP level 4. HP: 35/35 MP: 5/7
  2080 | D:2      | Found a faded altar of an unknown god.
  2110 | D:2      | Slain by a gnoll

Illustrated notes

Levels and vault maps discovered:
D:1:      elethiomel_arrival_fortress_basement, layout_basic,
          chequers_serial_rivers_micro_c
D:2:      layout_rooms, hellmonk_ecumenical_altar_run_dry

Skill      XL: |  1  2  3 |
---------------+----------+-----
Dodging        | 2 |  2.7
Stealth        | 2 |  2.8
Fighting       | 1 |  1.1
Short Blades   | |  0.8
Spellcasting   | |  2.4
Conjurations   | |  1.1
Fire Magic     | |  3.5

Action                   |  1- 3 |  4- 6 || total
-------------------------+-------+-------++-------
Melee: Unarmed           |    11 |       ||    11
       Tailslap          |     9 |     1 ||    10
       Dagger            |    57 |       ||    57
       Short sword       |    26 |    25 ||    51
       Punch             |       |     1 ||     1
 Cast: Foxfire           |    32 |    10 ||    42
       Scorch            |     4 |     1 ||     5
 Stab: Sleeping          |     3 |     1 ||     4
Armor: Skin              |    61 |     9 ||    70
Dodge: Dodged            |   124 |    22 ||   146

Table legend: (Time is in decaauts)
 A = Elapsed time spent in this place.
 B = Non-inter-level travel time spent in this place.
 C = Inter-level travel time spent in this place.
 D = Time resting spent in this place.
 E = Time spent auto-exploring this place.
 F = Levels seen in this place.
 G = Mean time per level.
                   A        B        C        D        E       F      G
               +--------+--------+--------+--------+--------+-----+--------+
         Total |   2113 |   2045 |     68 |      0 |   1407 |   2 | 1056.5 |
       Dungeon |   2113 |   2045 |     68 |      0 |   1407 |   2 | 1056.5 |
               +--------+--------+--------+--------+--------+-----+--------+

Top non-repeatable levels by time:
     D:1: 1445 daAuts
     D:2: 668 daAuts
